 Dungeon Crawl Stone Soup version 0.28.0-43-g3370ac3207 (webtiles) character file.

Game seed: 5835759266926129083

64851 boopmooplesden the Tortoise (level 14, -1/133 HPs)
             Began as a Minotaur Berserker on Mar 13, 2022.
             Was the Champion of Trog.
             Slain by a hog (14 damage)
             ... led by Kirke
             ... on level 14 of the Dungeon.
             The game lasted 00:30:20 (21762 turns).

boopmooplesden the Tortoise (Minotaur Berserker)   Turns: 21762, Time: 00:30:21

Health: -1/133     AC:  0    Str: 25    XL:     14   Next: 73%
Magic:  13/13      EV: 15    Int: 11    God:    Trog [******]
Gold:   1289       SH:  0    Dex: 10    Spells: 13/13 levels left

rFire   . . .      SeeInvis .   (weapon currently unavailable)
rCold   . . .      Faith    .   (shield currently unavailable)
rNeg    . . .      Spirit   .   (armour currently unavailable)
rPois   .          Reflect  .   (helmet currently unavailable)
rElec   .          Harm     .   (cloak currently unavailable)
rCorr   .          Rampage  .   (gloves currently unavailable)
Will    +....                   (boots currently unavailable)
Stlth   +.........              E - amulet of Nehel {Regen+ Int+5 Stlth-}
HPRegen 1.12/turn               (ring currently unavailable)
MPRegen 0.13/turn               (ring currently unavailable)

@: pig-form, on berserk cooldown, slowed
A: fast, no casting, small, (horns 2), (retaliatory headbutt)
a: Renounce Religion, Berserk, Trog's Hand, Brothers in Arms


You were on level 14 of the Dungeon.
You worshipped Trog.
Trog was exalted by your worship.
You were a filthy swine.
You visited 3 branches of the dungeon, and saw 21 of its levels.
You also visited: Bailey.

You collected 2284 gold pieces.
You spent 995 gold pieces at shops.

Inventory:

Hand Weapons
 a - the +9 spear "Kifyop" {holy, *Noise Str+5}
   (You found it on level 12 of the Dungeon)

   It has been blessed by the Shining One to cause great damage to the undead
   and demons.
   Str:       It affects your strength (+5).
   *Noise:    It may make noises in combat.
 y - the +11 trident of Boschidoo {holy, Will+ Str+4}
   (You found it on level 6 of the Dungeon)

   It has been blessed by the Shining One to cause great damage to the undead
   and demons.
   Str:       It affects your strength (+4).
   Will:      It increases your willpower.
 A - the +1 hand axe of Starshine {freeze, rElec rN+ Will+ rCorr}
   (You found it on level 6 of the Dungeon)

   It freezes those it strikes, dealing additional cold damage.
   It can also slow down cold-blooded creatures.
   rElec:     It insulates you from electricity.
   rN:        It protects you from negative energy.
   rCorr:     It protects you from acid and corrosion.
   Will:      It increases your willpower.
 J - a +8 executioner's axe of flaming (melded)
 X - the +11 mace of Anger {drain, rElec rF+ Str-2}
   (You found it on level 12 of the Dungeon)

   A truly terrible weapon, it drains the life of any living foe it strikes.
   Str:       It affects your strength (-2).
   rF:        It protects you from fire.
   rElec:     It insulates you from electricity.
Missiles
 d - 165 sling bullets
 i - 7 javelins
 k - 7 boomerangs
 K - 2 throwing nets
Armour
 m - the +0 plate armour "Imaddol" (melded) {rF+ Will+}
   (You found it on level 9 of the Dungeon)

   rF:        It protects you from fire.
   Will:      It increases your willpower.
 r - a +2 pair of boots (melded)
 F - a scarf of harm
 L - the +3 pair of gauntlets of War (melded) {Slay+5}
   (You acquired it in a bailey)

   Slay:      It affects your accuracy & damage with ranged weapons and melee
   (+5).
 Q - a scarf of repulsion (melded)
Jewellery
 g - a +4 ring of protection (melded)
 s - a ring of positive energy
 w - an amulet of reflection
 x - a ring of willpower
 E - the amulet of Nehel (around neck) {Regen+ Int+5 Stlth-}
   (You bought it in a shop on level 10 of the Dungeon)

   [amulet of regeneration]

   Int:       It affects your intelligence (+5).
   Regen:     It increases your rate of health regeneration.
   Stlth:     It makes you less stealthy.
 S - a ring of poison resistance (melded)
Wands
 n - a wand of iceblast (6)
 t - a wand of digging (43)
 u - a wand of acid (11)
 G - a wand of flame (26)
 O - a wand of charming (9)
Scrolls
 e - 2 scrolls of holy word
 j - 16 scrolls of identify
 l - 12 scrolls of teleportation
 D - 2 scrolls of fog
 I - a scroll of blinking
 P - 2 scrolls of enchant armour
 U - a scroll of brand weapon {unknown}
 V - 2 scrolls of fear
 Y - a scroll of enchant weapon
Potions
 b - a potion of cancellation {unknown}
 c - 2 potions of resistance {unknown}
 f - 12 potions of curing
 h - 3 potions of lignification {unknown}
 o - 4 potions of mutation {unknown}
 p - 8 potions of ambrosia
 q - 5 potions of might {unknown}
 v - 3 potions of degeneration {unknown}
 z - 5 potions of haste {unknown}
 B - 2 potions of flight {unknown}
 C - a potion of attraction {unknown}
 H - 2 potions of heal wounds {unknown}
 M - a potion of experience
 N - 2 potions of brilliance {unknown}
 R - 2 potions of invisibility {unknown}
 T - a potion of magic {unknown}
Miscellaneous
 W - a tin of tremorstones (2/2)


   Skills:
 + Level 14.7 Fighting
 + Level 15.5(18.3) Axes
 + Level 6.4(11.9) Maces & Flails
 + Level 14.8(17.5) Polearms
 + Level 0.4 Throwing
 + Level 16.5 Armour
 + Level 4.5 Dodging
 + Level 2.3 Stealth


You had 13 spell levels left.
You didn't know any spells.
Your spell library was empty.

Dungeon Overview and Level Annotations

Branches:
Dungeon (14/15)            Temple (0/1) D:7            Lair (6/6) D:11
 Shoals (0/4) Lair:3        Snake (0/4) Lair:3        Slime (0/5) Lair:6
    Orc (1/2) D:9          Bailey (visited)
 Vaults: D:13-14

Altars:
Cheibriados
Dithmenos
Fedhas
Gozag
Hepliaklqana
Makhleb
Nemelex Xobeh
Okawaru
Ru
Trog
Uskayaw
Vehumet
Wu Jian
The Shining One
Jiyva

Shops:
D:2 =   D:10 *

Annotations:
D:14 Kirke
Lair:1 3 runed translucent doors, Jenx's ghost, novice MiBe


Innate Abilities, Weirdness & Mutations

You are a filthy swine.
You move quickly.
Your equipment is almost entirely melded.
You are incapable of wielding weapons or throwing items.
You cannot cast spells.
((You have a pair of horns on your head.))
((You reflexively headbutt those who attack you in melee.))


Message History

Kirke hits you!
You bite Kirke!
Kirke is lightly wounded.
You bite Kirke!
Kirke is lightly wounded.
The hog bites you! Kirke closely misses you.
You hit Kirke.
Kirke is moderately wounded.
The hog barely misses you.
You bite Kirke!
Kirke is moderately wounded.
Kirke closely misses you.
You hit Kirke.
Kirke is heavily wounded.
The hog bites you.
You bite Kirke!
Kirke is heavily wounded.
You are no longer berserk.
You are exhausted.
You feel yourself slow down. The hog bites you! Kirke hits you!
You closely miss Kirke.
Kirke is heavily wounded.
The hog bites you! Kirke hits you!
You bite Kirke!
Kirke is heavily wounded.
The hog closely misses you. Kirke misses you.
You bite Kirke!
Kirke is severely wounded.
The hog bites you! x2
* * * LOW HITPOINT WARNING * * *
Kirke hits you!!
* * * LOW HITPOINT WARNING * * *
You hit Kirke.
Kirke is severely wounded.
The hog barely misses you. Kirke hits you.
* * * LOW HITPOINT WARNING * * *
You bite Kirke!
Kirke is severely wounded.
The hog closely misses you. Kirke barely misses you. The hog bites you!
You die...

.........#####.......
####.............#
##########....#
#....#### #........
#†....### ####.....#
#####..@h#.###
.......h.#.#
####...$.#.#
#..........
#.#.....#.# #
#.....#.# ..##### #
###


You could see Kirke and a hog.

Vanquished Creatures
  A dire elephant (Lair:6)
  Snorg (D:10)
  The ghost of tizbic2 the Slinger, a journeyman DsHu of Ignis (Lair:3)
  Josephine (D:13)
  4 hydras
  Erolcha (D:12)
  A catoblepas (Lair:4)
  3 boulder beetles
  A centaur warrior (D:13)
  3 two-headed ogres
  Erica (D:10)
  6 death yaks (Lair:6)
  14 spriggans (Lair:6)
  Sonja (Lair:3)
  A deep elf archer (D:9)
  An orc knight (D:12)
  2 deep elf pyromancers
  2 wolf spiders (Lair:1)
  An ugly thing (D:12)
  4 cyclopes
  10 elephants
  A merfolk siren (Lair:3)
  11 cane toads
  9 black mambas
  2 gargoyles
  4 rime drakes
  Psyche (D:11)
  2 kobold demonologists (Bailey)
  12 komodo dragons
  4 trolls
  3 meliai (Lair:6)
  A queen bee (Lair:6)
  9 hornets
  6 polar bears
  7 dream sheep (Lair:6)
  15 blink frogs
  2 shadows (D:11)
  A vampire (D:12)
  2 wyverns
  5 wraiths
  17 yaks
  2 hogs (D:14)
  3 vampire mosquitoes (D:10)
  3 steam dragons
  2 basilisks
  A warg (D:9)
  Edmund (D:5)
  25 water moccasins
  21 orc warriors
  An ice beast (D:7)
  2 sky beasts (D:7)
  5 black bears
  35 wolves
  6 ogres
  3 boggarts (Lair:6)
  5 centaurs
  2 phantoms
  10 bullfrogs
  3 kobold brigands (D:9)
  2 gnoll sergeants
  2 scorpions
  30 killer bees
  A water moccasin skeleton (D:4)
  8 wights
  2 howler monkeys
  6 electric eels
  2 centaur zombies (D:6)
  4 lava snakes (Lair:2)
  A hound (D:7)
  2 jellies (D:6)
  7 orc priests
  Terence (D:2)
  4 iguanas
  6 orc wizards
  2 hound skeletons
  A howler monkey zombie (D:9)
  Robin (D:2)
  2 howler monkey skeletons
  13 gnolls
  6 adders
  A white imp (D:7)
  An ufetubus (D:5)
  8 worms
  2 dart slugs
  53 orcs
  5 ball pythons
  5 bats
  2 endoplasms
  4 giant cockroaches
  19 hobgoblins
  20 kobolds
  6 quokkas
  3 frilled lizards
  21 goblins
  5 rats
562 creatures vanquished.

Vanquished Creatures (others)
  12 fungi
  18 plants
30 creatures vanquished.

Grand Total: 592 creatures vanquished

Notes
Turn   | Place    | Note
-------+----------+-------------------------------------------
     0 | D:1      | boopmooplesden the Minotaur Berserker began the quest for
                  | the Orb.
     0 | D:1      | Reached XP level 1. HP: 19/19 MP: 0/0
   664 | D:1      | Reached XP level 2. HP: 27/27 MP: 1/1
  1218 | D:2      | Noticed Robin
  1225 | D:2      | Killed Robin
  1226 | D:2      | Reached XP level 3. HP: 33/33 MP: 2/2
  1543 | D:2      | Reached ** piety under Trog
  1547 | D:2      | Found Pition's Jewellery Boutique.
  1869 | D:2      | Noticed Terence
  1884 | D:2      | Killed Terence
  1885 | D:2      | Reached skill level 3 in Armour
  1885 | D:2      | Reached XP level 4. HP: 11/41 MP: 3/3
  2831 | D:3      | Reached skill level 5 in Axes
  2942 | D:3      | Found an iron altar of Okawaru.
  2947 | D:3      | Reached XP level 5. HP: 47/47 MP: 4/4
  3569 | D:4      | Reached skill level 4 in Armour
  3569 | D:4      | Reached skill level 1 in Stealth
  3669 | D:4      | Reached XP level 6. HP: 41/53 MP: 5/5
  3853 | D:4      | Reached *** piety under Trog
  3890 | D:4      | Found a hide-covered altar of Uskayaw.
  4022 | D:4      | Reached skill level 5 in Armour
  4285 | D:5      | Entered Level 5 of the Dungeon
  4332 | D:5      | Reached skill level 5 in Fighting
  4381 | D:5      | Reached XP level 7. HP: 52/61 MP: 6/6
  4800 | D:5      | Reached skill level 6 in Armour
  5171 | D:6      | Noticed Edmund
  5183 | D:5      | Killed Edmund
  5316 | D:6      | Reached XP level 8. HP: 68/70 MP: 7/7
  5319 | D:6      | Reached skill level 1 in Maces & Flails
  5331 | D:6      | Reached skill level 7 in Armour
  5600 | D:6      | Found a shadowy altar of Dithmenos.
  5606 | D:6      | Identified the +11 trident of Boschidoo {holy, Will+ Str+4}
  5686 | D:6      | Identified the +1 hand axe of Starshine {freeze, rElec rN+
                  | Will+ rCorr}
  5817 | D:6      | Found a glowing golden altar of the Shining One.
  5885 | D:6      | Found a burning altar of Makhleb.
  6435 | D:7      | Reached **** piety under Trog
  6436 | D:7      | Reached XP level 9. HP: 68/79 MP: 8/8
  6557 | D:7      | Reached skill level 5 in Maces & Flails
  6640 | D:7      | Found a blossoming altar of Fedhas.
  6642 | D:7      | Found a hazy altar of Hepliaklqana.
  6665 | D:7      | Reached skill level 8 in Armour
  6676 | D:7      | Found a radiant altar of Vehumet.
  6683 | D:7      | Found a bloodstained altar of Trog.
  6685 | D:7      | Found a sparkling altar of Nemelex Xobeh.
  6686 | D:7      | Found an opulent altar of Gozag.
  6691 | D:7      | Found a snail-covered altar of Cheibriados.
  6692 | D:7      | Found an ornate altar of the Wu Jian Council.
  6850 | D:7      | Found a staircase to the Ecumenical Temple.
  7371 | D:8      | Reached skill level 1 in Polearms
  7471 | D:8      | Paralysed by a hornet for 1 turns
  7704 | D:8      | Reached skill level 10 in Axes
  7707 | D:8      | Reached skill level 9 in Armour
  7899 | D:8      | Found a sacrificial altar of Ru.
  8591 | D:9      | Noticed a deep elf archer
  8598 | D:9      | Killed a deep elf archer
  8599 | D:9      | Reached XP level 10. HP: 75/88 MP: 9/9
  8602 | D:9      | Identified the +0 plate armour "Imaddol" {rF+ Will+}
  8899 | D:9      | Reached skill level 10 in Armour
  8924 | D:9      | Reached skill level 5 in Polearms
  9161 | D:9      | Found a staircase to the Orcish Mines.
  9295 | D:9      | Reached ***** piety under Trog
  9314 | D:9      | HP: 4/86 [gnoll/+0 halberd (8)]
  9319 | D:9      | HP: 4/87 [gnoll/+0 flail (6)]
 10063 | D:9      | Noticed a two-headed ogre
 10071 | D:9      | Killed a two-headed ogre
 10254 | D:10     | Entered Level 10 of the Dungeon
 10275 | D:10     | Found a flagged portal.
 10291 | Bailey   | Entered a bailey
 10358 | Bailey   | Noticed an orange demon
 10361 | Bailey   | Reached skill level 11 in Armour
 10628 | Bailey   | Acquired the +3 pair of gauntlets of War {Slay+5}
 10628 | Bailey   | Found the +3 pair of gauntlets of War {Slay+5}
 11186 | Bailey   | Found an iron altar of Okawaru.
 11194 | Bailey   | Received a gift from Trog
 11199 | Bailey   | Reached XP level 11. HP: 97/97 MP: 10/10
 11329 | D:10     | Noticed Snorg
 11341 | D:10     | Killed Snorg
 11602 | D:10     | You fall into a shaft and drop 1 floor!
 11677 | D:11     | Found a staircase to the Lair.
 12164 | D:11     | Noticed Psyche
 12172 | D:11     | Killed Psyche
 12173 | D:11     | Reached skill level 10 in Polearms
 12324 | D:10     | Noticed Erica
 12338 | D:10     | Killed Erica
 12479 | D:10     | Found Anee's Neck Hole.
 12484 | D:10     | Bought the amulet of Nehel {Regen+ Int+5 Stlth-} for 599
                  | gold pieces
 12636 | D:10     | Reached skill level 12 in Armour
 12899 | D:10     | Noticed a two-headed ogre
 12905 | D:10     | Killed a two-headed ogre
 13030 | Lair:1   | Entered Level 1 of the Lair of Beasts
 13095 | Lair:1   | Found a runed translucent gate.
 13095 | Lair:1   | Found a runed translucent gate.
 13095 | Lair:1   | Found a runed translucent gate.
 13098 | Lair:1   | Noticed Jenx's ghost (novice MiBe)
 13098 | Lair:1   | Noticed a great orb of eyes
 13134 | Lair:1   | Reached skill level 10 in Fighting
 13154 | Lair:1   | Found a viscous altar of Jiyva.
 13389 | Lair:1   | Noticed a wolf spider
 13391 | Lair:1   | Noticed a wolf spider
 13399 | Lair:1   | Killed a wolf spider
 13401 | Lair:1   | Killed a wolf spider
 13556 | Lair:1   | Reached XP level 12. HP: 108/108 MP: 11/11
 14024 | Lair:2   | Noticed a four-headed hydra
 14030 | Lair:2   | Killed a four-headed hydra
 14031 | Lair:2   | Reached skill level 13 in Armour
 14249 | Lair:2   | Noticed a six-headed hydra
 14264 | Lair:2   | Killed a six-headed hydra
 14560 | Lair:2   | Received a gift from Trog
 14998 | Lair:3   | Found a staircase to the Snake Pit.
 15083 | Lair:3   | Reached skill level 14 in Armour
 15477 | Lair:3   | Found a large runed translucent door.
 15477 | Lair:3   | Found a large runed translucent door.
 15478 | Lair:3   | Noticed tizbic2's ghost (journeyman DsHu)
 15488 | Lair:3   | Killed tizbic2's ghost
 15523 | Lair:3   | Acquired 711 gold pieces
 15664 | D:10     | Bought a scarf of repulsion for 156 gold pieces
 15842 | Lair:3   | Noticed Sonja
 15848 | Lair:3   | Killed Sonja
 15849 | Lair:3   | Reached XP level 13. HP: 101/118 MP: 12/12
 15949 | Lair:3   | Found a staircase to the Shoals.
 16293 | Lair:4   | Reached skill level 15 in Armour
 17780 | Lair:6   | Entered Level 6 of the Lair of Beasts
 18223 | D:2      | Bought a ring of poison resistance for 240 gold pieces
 18704 | Lair:6   | Noticed a dire elephant
 18711 | Lair:6   | Killed a dire elephant
 18712 | Lair:6   | Reached XP level 14. HP: 127/130 MP: 13/13
 18716 | Lair:6   | Found a viscous altar of Jiyva.
 18717 | Lair:6   | Found a staircase to the Slime Pits.
 18963 | Lair:6   | Reached skill level 16 in Armour
 19067 | Lair:6   | Reached ****** piety under Trog
 19938 | Orc:1    | Entered Level 1 of the Orcish Mines
 19944 | Orc:1    | Received a gift from Trog
 20176 | D:12     | Noticed Erolcha
 20190 | D:12     | Killed Erolcha
 20265 | D:12     | Found an opulent altar of Gozag.
 20363 | D:12     | Identified the +9 spear "Kifyop" {holy, *Noise Str+5}
 20414 | D:12     | Reached skill level 15 in Axes
 21141 | D:12     | Identified the +11 mace of Anger {drain, rElec rF+ Str-2}
 21158 | D:13     | Noticed Josephine
 21164 | D:13     | Killed Josephine
 21743 | D:14     | Noticed Kirke
 21762 | D:14     | Slain by a hog

Illustrated notes

Levels and vault maps discovered:
D:1:      dpeg_arrival_snail, layout_basic
D:2:      layout_basic, serial_shops, shop, uniq_terence, uniq_robin
D:3:      layout_loops_ring, okawaru_altar_gauntlet_db
D:4:      layout_cave_pools, lemuel_crystal_altar
D:5:      wander_river, layout_rooms, nicolae_wormholes
D:6:      layout_cave_pools, nicolae_dithmenos_through_a_glass_darkly,
          amcnicky_altar_gilded, mainiacjoe_overflow_surrounded_room,
          uniq_edmund
D:7:      layout_loops_ring, nicolae_overflow_hallway_of_the_gods,
          minmay_temple_entry_butterflies, minmay_misc_feat_iff
D:8:      layout_rooms, nicolae_ru_the_path_less_chosen
D:9:      layout_basic, orc_0_dummy, kennysheep_just_a_vault
D:10:     layout_roguey, enter_bailey_3, st_stairs_7,
          nicolae_shop_sticking_my_neck_out, uniq_erica, uniq_snorg
D:11:     cheibrodos_steamvent, layout_basic, lair_entry_dummy, uniq_psyche
D:12:     layout_basic, special_room [special_room_orc], grunt_gozag_statues,
          uniq_erolcha
D:13:     layout_cave_pools, uniq_josephine
D:14:     layout_basic, erik_vaults_2, serial_bayou_pond_d, enter_trove_0,
          minmay_circle_x, uniq_rupert, uniq_kirke
Lair:1:   layout_long_grid, gammafunk_ghost_ooze, st_stairs_9,
          nicolae_lair_run_with_the_wolves
Lair:2:   layout_roguey, nicolae_lair_liquid_snakes
Lair:3:   layout_long_grid, minmay_shoals_entry_lonely_mermaid,
          minmay_snake_entry_six_corridors, ebering_ghost_disaster_area,
          minivault_25, uniq_sonja
Lair:4:   layout_regular_city, grunt_megastairs_3
Lair:5:   layout_gridlike, serial_bayou_shore_b, lemuel_fruit_fields
Lair:6:   minmay_lair_end_enchanted_forest, layout_cave_shapes, slime_altar_1,
          special_room [special_room_bee], nicolae_volcano_entry_hallway,
          lookout_lair_type, lemuel_fruit_fields
Orc:1:    layout_caves

Skill      XL: |  1  2  3  4  5  6  7  8  9 10 11 12 13 14 |
---------------+-------------------------------------------+-----
Fighting       | 4 5 7 9 10 12 13 14 | 14.7
Axes           | 4 5 6 8 9 10 12 15 | 15.5
Armour         | 3 4 5 6 7 9 11 12 14 15 16 | 16.5
Stealth        | 1 2 |  2.3
Dodging        | 3 4 |  4.5
Maces & Flails | 4 6 |  6.4
Polearms       | 2 8 11 14 | 14.8
Throwing       | |  0.4

Action                   |  1- 3 |  4- 6 |  7- 9 | 10-12 | 13-15 || total
-------------------------+-------+-------+-------+-------+-------++-------
Melee: Hand axe          |    71 |   160 |   155 |       |       ||   386
       Headbutt          |     9 |    28 |    35 |    84 |    74 ||   230
       Punch             |       |     1 |     1 |     6 |     1 ||     9
       Dire flail        |       |       |    33 |       |       ||    33
       Trident           |       |       |    37 |   474 |    99 ||   610
       Executioner's axe |       |       |       |       |   308 ||   308
       Unarmed           |       |       |       |       |    11 ||    11
Throw: Javelin           |       |       |     1 |     1 |       ||     2
Invok: Berserk           |     2 |     1 |     5 |     8 |     8 ||    24
  Use: Scroll            |     2 |     7 |     3 |     6 |     5 ||    23
       Potion            |       |       |       |     1 |       ||     1
Armor: Scale mail        |    18 |       |       |       |       ||    18
       Chain mail        |       |    82 |   142 |       |       ||   224
       Plate armour      |       |       |     5 |   351 |   416 ||   772
Dodge: Dodged            |    47 |    64 |   112 |   206 |   284 ||   713
       Repelled          |       |       |       |       |     3 ||     3
